 Dungeon Crawl Stone Soup version 0.29-a0-243-g602b31c20e (webtiles) character file.

Game seed: 5417476102795437175

1418 Ajdolov the Quickloader (level 9, -1/65 HPs)
             Began as a Formicid Brigand on Mar 5, 2022.
             Was an Initiate of Hepliaklqana.
             Slain by an orc warrior
             ... wielding a +0 short sword
              (8 damage)
             ... on level 6 of the Dungeon.
             The game lasted 00:11:35 (8833 turns).

Ajdolov the Quickloader (Formicid Brigand)          Turns: 8833, Time: 00:11:36

Health: -1/65      AC:  5    Str: 20    XL:     9   Next: 2%
Magic:  9/9        EV: 11    Int: 15    God:    Hepliaklqana [......]
Gold:   302        SH:  5    Dex: 16    Spells: 8/8 levels left

rFire   . . .      SeeInvis +   b - +5 hand axe of the Soothsayer {elec, rC+ rCorr Str+4 Int+4}
rCold   + . .      Faith    .   (no shield)
rNeg    . . .      Spirit   .   m - +0 leather armour
rPois   .          Reflect  +   (helmet unavailable)
rElec   .          Harm     .   c - +0 cloak
rCorr   +          Rampage  .   v - +0 pair of gloves
Will    .....                   (no boots)
Stlth   +++.......              w - amulet of reflection
HPRegen 0.20/turn               g - ring of flight
MPRegen 0.11/turn               (no ring)

@: flying
A: permanent stasis, dig shafts and tunnels, antennae 3, four strong arms
a: Dig, Shaft Self, Renounce Religion


You were on level 6 of the Dungeon.
You worshipped Hepliaklqana.
Hepliaklqana was noncommittal.
You visited 2 branches of the dungeon, and saw 7 of its levels.

You collected 302 gold pieces.

Inventory:

Hand Weapons
 a - a +0 hand crossbow
 b - the +5 hand axe of the Soothsayer (weapon) {elec, rC+ rCorr Str+4 Int+4}
   (You found it on level 5 of the Dungeon)

   It occasionally discharges a powerful burst of electricity upon striking a
   foe.
   Str:       It affects your strength (+4).
   Int:       It affects your intelligence (+4).
   rC:        It protects you from cold.
   rCorr:     It protects you from acid and corrosion.
Missiles
 d - 8 poisoned darts (quivered)
Armour
 c - a +0 cloak (worn)
 m - a +0 leather armour (worn)
 v - a +0 pair of gloves (worn)
Jewellery
 g - a ring of flight (left hand)
 w - an amulet of reflection (around neck)
Wands
 u - a wand of polymorph (3)
 D - a wand of flame (27)
Scrolls
 f - a scroll of holy word {unknown}
 k - 3 scrolls of amnesia {unknown}
 n - a scroll of noise {unknown}
 o - a scroll of enchant weapon {unknown}
 p - 2 scrolls of blinking {unknown}
 q - 2 scrolls of teleportation {unknown}
 r - 2 scrolls of fog {unknown}
 s - 10 scrolls of identify {unknown}
 x - a scroll of vulnerability {unknown}
 y - a scroll of silence {unknown}
 A - a scroll of fear {unknown}
 C - a scroll of immolation {unknown}
Potions
 h - 2 potions of heal wounds {unknown}
 i - 2 potions of haste {unknown}
 j - a potion of cancellation {unknown}
 l - 6 potions of curing {unknown}
 t - a potion of attraction {unknown}
 z - a potion of berserk rage {unknown}
 B - a potion of degeneration {unknown}


   Skills:
 - Level 4.2 Fighting
 - Level 2.0 Short Blades
 * Level 9.8 Crossbows
 - Level 2.0 Throwing
 - Level 0.8 Dodging
 - Level 4.8 Stealth


You had 8 spell levels left.
You didn't know any spells.
Your spell library contained the following spells:

 Spells                   Type           Power      Damage    Failure   Level
 Magic Dart               Conj           0%         1d3       32%         1
 Shock                    Conj/Air       0%         1d3       32%         1
 Searing Ray              Conj           0%         2d4       43%         2
 Gell's Gravitas          Tloc           0%         N/A       67%         3
 Lesser Beckoning         Tloc           0%         N/A       67%         3
 Teleport Other           Tloc           0%         N/A       67%         3
 Airstrike                Air            0%         N/A       97%         4
 Fulminant Prism          Conj/Hex       0%         3d6       97%         4
 Olgreb's Toxic Radiance  Pois           0%         N/A       97%         4
 Ozocubu's Refrigeration  Ice            0%         4d5       100%        7
 Ignition                 Fire           0%         3d3       100%        8
 Swiftness                Air            Unusable   N/A       N/A         3

Dungeon Overview and Level Annotations

Branches:
Dungeon (6/15)             Temple (1/1) D:6

Altars:
Cheibriados
Dithmenos
Gozag
Hepliaklqana
Kikubaaqudgha
Makhleb
Nemelex Xobeh
Qazlal
Trog
Uskayaw
Xom
Yredelemnul
The Shining One

Annotations:
D:6 Grinder


Innate Abilities, Weirdness & Mutations

You cannot be hasted, slowed, berserked, paralysed or teleported.
You can dig through walls and to a lower floor.
You have a pair of large antennae on your head. (SInv)
Your four strong arms can wield two-handed weapons with a shield.


Message History

* * * LOW HITPOINT WARNING * * *
You don't have any such object.
Evoke which item? (* to show all) (? for menu, Esc to quit)
Okay, then.
Okay, then.
Okay, then.
There is an open door here.
Things that are here:
19 stones; a +0 leather armour; a +0 dagger of venom
There is an open door here.
There is an open door here.
There is an open door here.
You hit the orc warrior but do no damage.
The orc warrior is severely wounded.
The orc warrior hits you with a +0 short sword!
* * * LOW HITPOINT WARNING * * *
There is an open door here.
You see here a +0 robe.
There is an open door here.
There is an open door here.
There is an open door here.
There is an open door here.
There is an open door here.
There is an open door here.
The orc warrior hits you with a +0 short sword.
There is an open door here.
An orc warrior is nearby!
The orc warrior hits you with a +0 short sword.
You barely miss the orc warrior.
The orc warrior is moderately wounded.
The orc warrior hits you with a +0 short sword!
You hit the orc warrior.
The orc warrior is moderately wounded.
The orc warrior hits you with a +0 short sword!!
* * * LOW HITPOINT WARNING * * *
The orc warrior barely misses you.
You closely miss the orc warrior.
The orc warrior is moderately wounded.
The orc warrior hits you with a +0 short sword!
You die...

#...# #.....#....?.......#
#...# #.....#.>..........#
#...# #....##.....##.....#
####...#####....##.....##.....#
..##.<...#....................#
.......#.#.#..................#
..............................#
...........≈≈≈≈≈o......##.....#
..##.....≈≈≈≈≈≈≈@≈.....##.....#
####...≈≈≈≈≈≈≈≈≈≈≈≈≈..........#
...#..≈≈≈≈≈≈≈≈≈≈≈≈≈≈≈.........#
...#..≈≈≈≈≈≈...≈≈≈≈≈≈.........#
...'..≈≈≈≈≈≈.>.≈≈≈≈≈≈.........#
...#..≈≈≈≈≈≈...≈≈≈≈≈≈.........#
...#...≈≈≈≈≈≈≈≈≈≈≈≈≈..........#
####.....≈≈≈≈≈≈≈≈≈............#
..##.......≈≈≈≈≈.....)........#


You could see an orc warrior.

Vanquished Creatures
  Duvessa (D:6)
  3 black bears
  A sky beast (D:5)
  2 phantoms (D:6)
  A bullfrog (D:6)
  2 necrophages
  2 scorpions (D:4)
  Dowan (D:6)
  A jelly (D:6)
  2 iguanas
  Ijyb (D:4)
  6 orc wizards
  9 adders
  A shadow imp (D:6)
  An ufetubus (D:4)
  2 worms
  A dart slug (D:3)
  22 orcs
  3 ball pythons
  4 endoplasms
  2 giant cockroaches
  6 goblins
  7 hobgoblins
  8 jackals
  3 quokkas
  4 bats
  3 frilled lizards (D:1)
  6 kobolds
  7 rats
112 creatures vanquished.

Vanquished Creatures (others)
  2 plants (D:6)
2 creatures vanquished.

Grand Total: 114 creatures vanquished

Notes
Turn   | Place    | Note
-------+----------+-------------------------------------------
     0 | D:1      | Ajdolov the Formicid Brigand began the quest for the Orb.
     0 | D:1      | Reached XP level 1. HP: 16/16 MP: 1/1
   363 | D:1      | Reached XP level 2. HP: 23/23 MP: 2/2
   917 | D:1      | Reached XP level 3. HP: 22/29 MP: 3/3
  1589 | D:2      | Found an ancient bone altar of Kikubaaqudgha.
  2193 | D:2      | You are sucked into a shaft and drop 1 floor!
  2289 | D:3      | Reached XP level 4. HP: 37/37 MP: 4/4
  2358 | D:3      | Reached skill level 1 in Crossbows
  3300 | D:2      | Reached skill level 2 in Crossbows
  3635 | D:2      | Reached XP level 5. HP: 31/42 MP: 5/5
  3775 | D:3      | Reached skill level 3 in Crossbows
  4405 | D:4      | Noticed a black bear
  4411 | D:4      | Killed a black bear
  4412 | D:4      | Reached skill level 4 in Crossbows
  4412 | D:4      | Reached XP level 6. HP: 48/48 MP: 6/6
  4431 | D:4      | Found a snail-covered altar of Cheibriados.
  4648 | D:4      | Reached skill level 5 in Crossbows
  4994 | D:4      | Reached XP level 7. HP: 43/54 MP: 7/7
  5440 | D:4      | Reached skill level 6 in Crossbows
  5556 | D:4      | Noticed Ijyb
  5584 | D:4      | Killed Ijyb
  6128 | D:4      | Reached skill level 7 in Crossbows
  6684 | D:5      | Entered Level 5 of the Dungeon
  6707 | D:5      | Reached XP level 8. HP: 41/60 MP: 8/8
  7324 | D:5      | Identified the +5 hand axe of the Soothsayer {elec, rC+
                  | rCorr Str+4 Int+4}
  7533 | D:5      | Found a stormy altar of Qazlal.
  7540 | D:5      | Reached skill level 8 in Crossbows
  8003 | D:6      | Found a staircase to the Ecumenical Temple.
  8022 | D:6      | Reached skill level 9 in Crossbows
  8034 | Temple   | Entered the Ecumenical Temple
  8203 | Temple   | Became a worshipper of Hepliaklqana the Forgotten
  8225 | D:6      | Noticed Grinder
  8244 | D:6      | Noticed Dowan
  8244 | D:6      | Noticed Duvessa
  8262 | D:6      | Killed Dowan
  8266 | D:6      | Killed Duvessa
  8634 | D:6      | Reached XP level 9. HP: 43/65 MP: 9/9
  8833 | D:6      | Slain by an orc warrior

Illustrated notes

Levels and vault maps discovered:
D:1:      dpeg_arrival_solitude, layout_loops_corners, serial_aquarium,
          aquarium_bridge_long_joined [aquarium_subvault_wall,
          aquarium_subvault_wall, aquarium_subvault_balcony,
          aquarium_subvault_window, aquarium_subvault_balcony,
          aquarium_subvault_bridge], aquarium_bridge_square
          [aquarium_subvault_wall, aquarium_subvault_bridge,
          aquarium_subvault_wall, aquarium_subvault_bridge],
          aquarium_window_fake, aquarium_window_2, aquarium_window_2,
          aquarium_view_2e, aquarium_view_2e
D:2:      layout_loops_ring, basic_altar
D:3:      layout_basic, grunt_decor_fettered
D:4:      minmay_spotlight, layout_basic, mainiacjoe_overflow_paths, uniq_ijyb
D:5:      layout_loops_cross, grunt_qazlal_clouds
D:6:      layout_gridville, gammafunk_temple_overflow_forgotten, temple_pool_b,
          ebering_ghost_reflecting_pool, uniq_grinder, uniq_duvessa
Temple:   eino_temple_lava

Skill      XL: |  1  2  3  4  5  6  7  8 |
---------------+-------------------------+-----
Fighting       | 3 4 |  4.2
Crossbows      | 2 4 5 7 9 |  9.8
Short Blades   | |  2.0
Throwing       | |  2.0
Dodging        | |  0.8
Stealth        | |  4.8

Action                   |  1- 3 |  4- 6 |  7- 9 || total
-------------------------+-------+-------+-------++-------
Melee: Dagger            |   111 |    98 |    63 ||   272
       Punch             |     1 |     3 |     1 ||     5
       Unarmed           |       |     6 |       ||     6
       Hand axe          |       |       |    74 ||    74
 Fire: Hand crossbow     |       |    64 |   128 ||   192
Throw: Dart              |     6 |     5 |     3 ||    14
Evoke: Wand              |       |       |     2 ||     2
 Stab: Sleeping          |     6 |     2 |     1 ||     9
Armor: Robe              |    22 |       |       ||    22
       Leather armour    |     3 |    22 |    44 ||    69
       Skin              |       |     2 |       ||     2
Dodge: Dodged            |    54 |    66 |    83 ||   203
Block: Other             |       |       |    45 ||    45
       Reflection        |       |       |     1 ||     1

Table legend: (Time is in decaauts)
 A = Elapsed time spent in this place.
 B = Non-inter-level travel time spent in this place.
 C = Inter-level travel time spent in this place.
 D = Time resting spent in this place.
 E = Time spent auto-exploring this place.
 F = Levels seen in this place.
 G = Mean time per level.
                   A        B        C        D        E       F      G
               +--------+--------+--------+--------+--------+-----+--------+
         Total |   8857 |   8630 |    227 |   2581 |   4533 |   7 | 1265.3 |
       Dungeon |   8678 |   8459 |    219 |   2448 |   4508 |   6 | 1446.3 |
        Temple |    178 |    170 |      8 |    133 |     25 |   1 |  178.0 |
               +--------+--------+--------+--------+--------+-----+--------+

Top non-repeatable levels by time:
     D:4: 2461 daAuts
     D:1: 1840 daAuts
     D:2: 1429 daAuts
     D:5: 1004 daAuts
     D:6: 997 daAuts
     D:3: 944 daAuts
  Temple: 178 daAuts
